 Dungeon Crawl Stone Soup version 0.30-a0-824-g6c64550be9 (webtiles) character file.

Game seed: 6579569091724191704

20974 Pimp the Fighter (level 12, -5/100 HPs)
             Began as a Demonspawn Berserker on Feb 27, 2023.
             Was a High Priest of Trog.
             Slain by an ice devil (9 damage)
             ... summoned by a kobold demonologist
             ... on level 13 of the Dungeon.
             The game lasted 00:24:40 (14634 turns).

Pimp the Fighter (Demonspawn Berserker)            Turns: 14634, Time: 00:24:42

Health: -5/100     AC: 18    Str: 23    XL:     12   Next: 50%
Magic:  12/12      EV: 19    Int: 14    God:    Trog [*****.]
Gold:   666        SH:  0    Dex: 11    Spells: 11/11 levels left

rFire   . . .      SeeInvis .    N - +4 battleaxe (venom)
rCold   + . .      Faith    .    (shield currently unavailable)
rNeg    . . .      Spirit   .    C - +1 swamp dragon scales
rPois   +          Reflect  .    (helmet restricted)
rElec   .          Harm     .    K - +0 cloak
rCorr   +          Rampage  .    b - +1 pair of gloves {Dex+3}
Will    .....                    x - +0 pair of boots
Stlth   +                        (no amulet)
HPRegen 0.36/turn                c - ring "Paonyask" {rC+ rCorr Int+5 Dex-4 Slay+5}
MPRegen 0.13/turn                r - +5 ring of evasion

@: no status effects
A: antennae 1, claws 2, hooves 2, ignite blood 1, demonic magic 2, iridescent
scales 1, MP-powered wands
a: Renounce Religion, Berserk, Trog's Hand, Brothers in Arms


You were on level 13 of the Dungeon.
You worshipped Trog.
Trog was extremely pleased with you.
You visited 1 branch of the dungeon, and saw 13 of its levels.

You collected 666 gold pieces.

Inventory:

Hand Weapons
 a - a +1 hand axe of chaos
 N - a +4 battleaxe of venom (weapon)
Missiles
 D - 6 throwing nets (quivered)
Armour
 b - a +1 pair of gloves of dexterity (worn)
 f - a +0 chain mail
 h - a +1 pair of gloves
 j - a +0 buckler
 x - a +0 pair of boots (worn)
 C - +1 swamp dragon scales (worn)
 F - the +0 pair of gloves "Regocky" {rElec}
   (You found it on level 8 of the Dungeon)

   rElec:     It insulates you from electricity.
 K - a +0 cloak (worn)
Jewellery
 c - the ring "Paonyask" (left hand) {rC+ rCorr Int+5 Dex-4 Slay+5}
   (You acquired it on level 7 of the Dungeon)

   [ring of protection from cold]

   Int:       It affects your intelligence (+5).
   Dex:       It affects your dexterity (-4).
   Slay:      It affects your accuracy & damage with ranged weapons and melee
   (+5).
   rC:        It protects you from cold.
   rCorr:     It protects you from acid and corrosion.
 n - a ring of flight
 p - a ring of protection from fire
 r - a +5 ring of evasion (right hand)
 s - a ring of protection from fire
 t - a ring of resist corrosion
 A - a +6 ring of intelligence
 J - a ring of see invisible
 L - a +4 ring of slaying
 O - a +6 ring of intelligence
Wands
 v - a wand of light (5)
 y - a wand of roots (12)
 G - a wand of paralysis (16)
 M - a wand of flame (13)
 P - a wand of mindburst (7)
Scrolls
 l - 2 scrolls of teleportation
 m - 11 scrolls of identify
 E - 2 scrolls of poison
 I - a scroll of blinking {unknown}
Potions
 d - 2 potions of mutation
 e - 3 potions of cancellation {unknown}
 g - 6 potions of curing
 i - a potion of invisibility {unknown}
 k - a potion of magic {unknown}
 o - 3 potions of flight {unknown}
 q - 4 potions of brilliance {unknown}
 u - 2 potions of might {unknown}
 w - 5 potions of attraction {unknown}
 z - a potion of degeneration {unknown}
 B - 2 potions of haste
 H - 2 potions of berserk rage


   Skills:
 + Level 11.1 Fighting
 + Level 10.2 Axes
 + Level 10.0 Armour
 + Level 9.9 Dodging


You had 11 spell levels left.
You didn't know any spells.
Your spell library was empty.

Dungeon Overview and Level Annotations

Branches:
Dungeon (13/15)            Temple (0/1) D:5            Lair (0/5) D:11
    Orc (0/2) D:12
 Vaults: D:13-14

Altars:
Ashenzari
Dithmenos
Gozag
Makhleb
Okawaru
Qazlal
Xom

Shops:
D:3 ***   D:6 ?   D:7 =

Annotations:
D:10 exclusion: orange crystal statue


Innate Abilities, Weirdness & Mutations

You have a pair of small antennae on your head.
You have very sharp fingernails.
You have hoof-like feet.
Your demonic aura sometimes causes spilled blood to erupt in flames.
Spells you cast may paralyse nearby enemies.
You are partially covered in iridescent scales. (AC +2)
You expend magic power (3 MP) to strengthen your wands.


Message History

The eight-headed hydra grows two more!
You slash the ten-headed hydra!
The ten-headed hydra is heavily wounded.
You closely miss the neqoxec. You slash the ice devil!
The neqoxec hits you but does no damage.
The kobold demonologist casts a spell.
The ten-headed hydra barely misses you. The ten-headed hydra misses you.
The ten-headed hydra completely misses you.
The ten-headed hydra bites you.
The ten-headed hydra completely misses you.
The ten-headed hydra barely misses you. x2
The ten-headed hydra bites you but does no damage.
The ten-headed hydra bites you!
The ten-headed hydra closely misses you.
You hit the ice devil.
The ice devil is moderately wounded.
You slash the neqoxec!
The neqoxec looks as sick as possible!
You slash the shadow imp!
The shadow imp is poisoned.
You barely miss the ten-headed hydra.
The chaos spawn degenerates into a cloud of primal chaos!
The neqoxec hits you but does no damage.
The ten-headed hydra bites you.
The ten-headed hydra closely misses you.
The ten-headed hydra barely misses you.
The ten-headed hydra bites you but does no damage.
The ten-headed hydra misses you. The ten-headed hydra bites you.
The ten-headed hydra completely misses you.
The ten-headed hydra bites you!
* * * LOW HITPOINT WARNING * * *
The ten-headed hydra barely misses you.
The ten-headed hydra bites you but does no damage.
The ice devil hits you!
* * * LOW HITPOINT WARNING * * *
The ice devil freezes you. You resist.
* * * LOW HITPOINT WARNING * * *
The shadow imp hits you.
* * * LOW HITPOINT WARNING * * *
The crimson imp blinks!
The neqoxec hits you but does no damage.
The ice devil attacks as you move away! The ice devil hits you!
You die...

.... .... ..5.. ######
..... #....#......
#....#ยง.....
#...5D......
+!..@4K.....
#....35.....
#...........
#....####### #####....#
#........#.............#
#........#.............#
#......).#..>..........#
#........#.............#


You could see a ten-headed hydra, an ice devil (summoned), a kobold
demonologist, a neqoxec (summoned, extremely poisoned), 2 crimson imps and a
shadow imp (summoned, very poisoned).

Vanquished Creatures
  Harold (D:9)
  2 two-headed ogres
  3 death yaks (D:11)
  Sonja (D:12)
  Nergalle (D:11)
  Urug (D:11)
  A deep elf pyromancer (D:12)
  Pikel (D:7)
  A cyclops (D:11)
  An ugly thing (D:10)
  A manticore (D:11)
  2 unseen horrors
  A gargoyle (D:11)
  A kobold demonologist (D:10)
  Psyche (D:10)
  2 hornets
  4 trolls
  3 slime creatures (D:13)
  A shadow (D:12)
  A wyvern (D:9)
  3 wraiths
  6 steam dragons
  Eustachio (D:6)
  The ghost of Airmonger the Chopper, an amateur DsFi (D:4)
  20 yaks
  4 vampire mosquitoes (D:12)
  Edmund (D:6)
  An acid dragon (D:11)
  3 water moccasins
  2 sky beasts
  A black bear (D:6)
  2 orc warriors
  An ice beast (D:5)
  An ogre (D:4)
  4 centaurs
  A phantom (D:5)
  A lemure (D:7)
  20 kobold brigands
  2 bullfrogs (D:7)
  2 necrophages (D:6)
  4 gnoll sergeants
  4 scorpions
  8 wights
  11 killer bees
  3 lava snakes (D:7)
  A howler monkey (D:5)
  A gnoll bouda (D:6)
  4 hounds
  3 jellies
  5 orc priests
  3 iron imps (D:10)
  Jessica (D:2)
  Natasha (twice) (D:3)
  2 iguanas (D:5)
  Terence (D:3)
  6 orc wizards
  11 adders
  13 gnolls
  A shadow imp (D:6)
  A white imp (D:7)
  2 worms
  A dart slug (D:2)
  15 orcs
  9 endoplasms
  3 giant cockroaches
  8 goblins
  7 hobgoblins
  7 quokkas
  6 ball pythons
  3 bats
  2 frilled lizards
  22 kobolds
  5 rats
282 creatures vanquished.

Vanquished Creatures (others)
  An orc (D:5)
1 creature vanquished.

Grand Total: 283 creatures vanquished

Notes
Turn   | Place    | Note
-------+----------+-------------------------------------------
     0 | D:1      | Pimp the Demonspawn Berserker began the quest for the Orb.
     0 | D:1      | Reached XP level 1. HP: 18/18 MP: 1/1
   197 | D:1      | Discovered your monstrous ancestry.
   197 | D:1      | Gained mutation: You have sharp fingernails. [demonic
                  | ancestry]
   197 | D:1      | Reached XP level 2. HP: 24/24 MP: 2/2
   379 | D:1      | Found a faded altar of an unknown god.
   970 | D:2      | Gained mutation: You have large cloven feet. [demonic
                  | ancestry]
   970 | D:2      | Reached XP level 3. HP: 24/28 MP: 3/3
  1213 | D:2      | Noticed Jessica
  1219 | D:2      | Killed Jessica
  1220 | D:2      | Gained mutation: You have hoof-like feet. [demonic
                  | ancestry]
  1220 | D:2      | Reached XP level 4. HP: 15/36 MP: 4/4
  1344 | D:2      | Reached ** piety under Trog
  1828 | D:3      | Found Cowoj's Assorted Antiques.
  1855 | D:3      | Found Doetzyri's Assorted Antiques.
  2152 | D:3      | Noticed Natasha
  2159 | D:3      | Killed Natasha
  2160 | D:3      | Gained mutation: Spells you cast may paralyse adjacent
                  | enemies. [demonic ancestry]
  2160 | D:3      | Reached XP level 5. HP: 28/42 MP: 5/5
  2407 | D:3      | Found Zeps's General Store.
  2491 | D:3      | Noticed Terence
  2500 | D:3      | Killed Terence
  2501 | D:3      | Reached skill level 4 in Fighting
  2513 | D:3      | Noticed Natasha
  2520 | D:3      | Killed Natasha
  2858 | D:4      | Found a shimmering altar of Xom.
  2859 | D:4      | Found a stormy altar of Qazlal.
  2978 | D:4      | Found an opulent altar of Gozag.
  2990 | D:4      | Found a runed translucent gate.
  2991 | D:4      | Found a runed translucent gate.
  2991 | D:4      | Found a runed translucent gate.
  2991 | D:4      | Noticed Airmonger's ghost (amateur DsFi)
  3209 | D:4      | Gained mutation: You expend magic power (3 MP) to
                  | strengthen your wands. [potion of mutation]
  3209 | D:4      | Gained mutation: You are partially covered in iridescent
                  | scales. (AC +2) [potion of mutation]
  3216 | D:4      | Gained mutation: You have very sharp fingernails. [demonic
                  | ancestry]
  3216 | D:4      | Reached XP level 6. HP: 48/48 MP: 6/6
  3226 | D:4      | Killed Airmonger's ghost
  3230 | D:4      | Gained mutation: Spells you cast may paralyse nearby
                  | enemies. [demonic ancestry]
  3230 | D:4      | Reached XP level 7. HP: 29/55 MP: 7/7
  3391 | D:4      | Reached *** piety under Trog
  3504 | D:4      | Found a shadowy altar of Dithmenos.
  3524 | D:5      | Entered Level 5 of the Dungeon
  3547 | D:5      | Reached skill level 5 in Fighting
  4213 | D:5      | Found a staircase to the Ecumenical Temple.
  4252 | D:5      | Reached XP level 8. HP: 63/63 MP: 8/8
  4255 | D:5      | Reached skill level 5 in Axes
  5025 | D:6      | Found Rokaf's Magic Scroll Shoppe.
  5044 | D:6      | Reached skill level 5 in Armour
  5044 | D:6      | Reached skill level 5 in Dodging
  5088 | D:6      | Reached skill level 6 in Fighting
  5450 | D:6      | Noticed Eustachio
  5472 | D:6      | Killed Eustachio
  5683 | D:6      | Reached XP level 9. HP: 60/71 MP: 9/9
  6062 | D:6      | Noticed Edmund
  6086 | D:6      | Killed Edmund
  6699 | D:7      | Reached skill level 7 in Fighting
  6780 | D:7      | Identified a scroll of acquirement
  6780 | D:7      | Acquired the ring "Paonyask" {rC+ rCorr Int+5 Dex-4 Slay+5}
  6862 | D:7      | Found a broken altar of Ashenzari.
  6879 | D:7      | Found an iron altar of Okawaru.
  6879 | D:7      | Noticed Pikel
  6894 | D:7      | Killed Pikel
  7102 | D:7      | Found Amnete's Jewellery Shop.
  7273 | D:7      | Reached **** piety under Trog
  8319 | D:8      | Identified the +0 pair of gloves "Regocky" {rElec}
  8493 | D:8      | Noticed a two-headed ogre
  8500 | D:8      | Killed a two-headed ogre
  8501 | D:8      | Reached skill level 8 in Fighting
  8501 | D:8      | Reached XP level 10. HP: 80/80 MP: 10/10
  9820 | D:9      | Noticed Harold
  9834 | D:9      | Killed Harold
  9952 | D:9      | Reached skill level 9 in Fighting
  9964 | D:9      | Gained mutation: Your demonic aura sometimes causes spilled
                  | blood to erupt in flames. [demonic ancestry]
  9964 | D:9      | Reached XP level 11. HP: 51/89 MP: 11/11
 10398 | D:9      | Reached ***** piety under Trog
 10930 | D:10     | Entered Level 10 of the Dungeon
 10939 | D:10     | Found a burning altar of Makhleb.
 11373 | D:10     | Noticed an orange crystal statue
 11472 | D:10     | Noticed a green ugly thing
 11473 | D:10     | Noticed Psyche
 11478 | D:10     | Killed a green ugly thing
 11480 | D:10     | Killed Psyche
 11616 | D:10     | Noticed a two-headed ogre
 11621 | D:10     | Killed a two-headed ogre
 11858 | D:10     | Noticed a soul eater
 12394 | D:11     | Noticed a death yak
 12394 | D:11     | Noticed a death yak
 12395 | D:11     | Noticed a death yak
 12405 | D:11     | Reached skill level 10 in Fighting
 12405 | D:11     | Killed a death yak
 12406 | D:11     | Killed a death yak
 12409 | D:11     | Killed a death yak
 12688 | D:11     | Found a staircase to the Lair.
 12696 | D:11     | Noticed Urug
 12706 | D:11     | Killed Urug
 12707 | D:11     | Gained mutation: You have a pair of small antennae on your
                  | head. [demonic ancestry]
 12707 | D:11     | Reached XP level 12. HP: 41/98 MP: 12/12
 13090 | D:11     | Noticed Nergalle
 13091 | D:11     | Found a shimmering altar of Xom.
 13096 | D:11     | Killed Nergalle
 13495 | D:12     | Found a staircase to the Orcish Mines.
 13801 | D:12     | Noticed Sonja
 13815 | D:12     | Killed Sonja
 13816 | D:12     | Reached skill level 10 in Axes
 14001 | D:12     | Reached skill level 11 in Fighting
 14535 | D:13     | Reached skill level 10 in Armour
 14623 | D:13     | Noticed a six-headed hydra
 14633 | D:13     | HP: 4/100 [shadow imp[a kobold demonologist] (4)]
 14634 | D:13     | Slain by an ice devil

Illustrated notes

Levels and vault maps discovered:
D:1:      dpeg_arrival_short_road, layout_basic, chequers_ecumenical_altar_grove
D:2:      layout_loops_ring, minivault_25, uniq_jessica
D:3:      layout_loops_corners, serial_shops,
          nicolae_shop_temple_entry_statues_fountains,
          nicolae_shop_hallway_plus, nicolae_shop_advertising_works
          [nicolae_subvault_shop_adworks], uniq_natasha, uniq_terence
D:4:      layout_rooms, nicolae_overflow_hidden_temple, gammafunk_ghost_split
D:5:      layout_rooms, minmay_temple_entry_slanted
D:6:      layout_basic, serial_shops, shop, minmay_checkerbox, uniq_edmund,
          uniq_eustachio
D:7:      layout_loops_ring, lemuel_tele_altar, okawaru_gym_becter,
          nicolae_inconvenience_store, minmay_misc_feat_encased, uniq_pikel
D:8:      layout_rooms
D:9:      layout_layer_cave, uniq_harold
D:10:     layout_roguey [special_room_kobold], demons_altar,
          chequers_serial_rivers_small_b, minivault_16, uniq_psyche
D:11:     layout_rooms, dpeg_lair_monsters, xom_teletrap_fun, uniq_nergalle,
          uniq_urug
D:12:     layout_irregular_city, orc_0_dummy, uniq_sonja
D:13:     layout_grid_maze, grunt_vaults_entry_fortified,
          minmay_increasing_density

Skill      XL: |  1  2  3  4  5  6  7  8  9 10 11 12 |
---------------+-------------------------------------+-----
Armour         | 2 3 4 5 6 8 9 10 | 10.0
Dodging        | 2 3 4 5 6 8 9 |  9.9
Axes           | 3 4 6 7 8 9 10 | 10.2
Fighting       | 4 5 6 8 9 10 11 | 11.1

Action                     |  1- 3 |  4- 6 |  7- 9 | 10-12 || total
---------------------------+-------+-------+-------+-------++-------
  Melee: Hand axe          |    80 |   107 |   321 |   111 ||   619
         Kick              |     9 |    26 |     9 |       ||    44
         Battleaxe         |       |       |       |   213 ||   213
 Invoke: Berserk           |       |     1 |     4 |     6 ||    11
    Use: Scroll            |       |     4 |     6 |     6 ||    16
         Potion            |       |     2 |     3 |     4 ||     9
   Stab: Petrified         |       |       |    12 |       ||    12
         Paralysed         |       |       |     3 |     1 ||     4
         Petrifying        |       |       |     1 |       ||     1
         Invisible         |       |       |       |     2 ||     2
 Armour: Animal skin       |     4 |       |       |       ||     4
         Leather armour    |     5 |       |       |       ||     5
         Chain mail        |    38 |    69 |   173 |       ||   280
         Swamp dragon scal |       |       |    54 |   191 ||   245
  Dodge: Dodged            |    29 |    55 |   188 |   400 ||   672
  Block: Buckler           |     8 |    17 |    42 |    22 ||    89

Table legend: (Time is in decaauts)
 A = Elapsed time spent in this place.
 B = Non-inter-level travel time spent in this place.
 C = Inter-level travel time spent in this place.
 D = Time resting spent in this place.
 E = Time spent auto-exploring this place.
 F = Levels seen in this place.
 G = Mean time per level.
                   A        B        C        D        E       F      G
               +--------+--------+--------+--------+--------+-----+--------+
         Total |  14808 |  14356 |    452 |   4541 |   7347 |  13 | 1139.1 |
       Dungeon |  14808 |  14356 |    452 |   4541 |   7347 |  13 | 1139.1 |
               +--------+--------+--------+--------+--------+-----+--------+

Top non-repeatable levels by time:
     D:9: 1811 daAuts
     D:6: 1788 daAuts
     D:7: 1707 daAuts
    D:10: 1433 daAuts
     D:5: 1296 daAuts
    D:11: 1177 daAuts
     D:3: 1114 daAuts
    D:12: 999 daAuts
     D:1: 951 daAuts
     D:8: 876 daAuts
     D:2: 815 daAuts
     D:4: 684 daAuts
    D:13: 152 daAuts
